 Dungeon Crawl Stone Soup version 0.18.1-5-g4a78601 (webtiles) character file.

47 Enish the Conjurer (level 3, -1/16 HPs)
             Began as a Vine Stalker Conjurer on May 13, 2016.
             Slain by an adder (2 damage)
             ... on level 3 of the Dungeon.
             The game lasted 00:04:39 (1710 turns).

Enish the Conjurer (Vine Stalker Conjurer)          Turns: 1710, Time: 00:04:39

Health: -1/16      AC:  3    Str: 11    XL:     3   Next: 70%
Magic:  0/7        EV: 12    Int: 15    God:
Gold:   94         SH:  0    Dex: 14    Spells: 2 memorised, 2 levels left

rFire  . . .     SeeInvis .     e - +0 short sword
rCold  . . .     Gourm    .     a - +1 robe
rNeg   . . .     Faith    .     (no shield)
rPois  .         Spirit   +     (no helmet)
rElec  .         Dismiss  .     (no cloak)
rCorr  .         Reflect  .     (no gloves)
SustAt .         Harm     .     (no boots)
MR     .....     Rnd*Tele +     d - amulet of inaccuracy
Stlth  ++........               (no ring)
                                l - ring of teleportation

@: lethally poisoned (-1 -> -8), not resistant to hostile enchantments,
unstealthy
A: fangs 2, regeneration 1, magic shield, antimagic bite, no device heal 3, rot
immunity
a: no special abilities


You were on level 3 of the Dungeon.
You were not hungry.

You visited 1 branch of the dungeon, and saw 3 of its levels.

You collected 94 gold pieces.

Inventory:

Hand Weapons
 e - a +0 short sword (weapon)
 k - a cursed -1 short sword
Armour
 a - a +1 robe (worn)
Jewellery
 d - an amulet of inaccuracy (around neck)
 l - a ring of teleportation (left hand)
Scrolls
 f - 2 scrolls of identify
 h - a scroll of enchant armour
Books
 b - a book of Conjurations

   Spells                             Type                      Level
   a - Magic Dart                     Conjuration                  1
   b - Searing Ray                    Conjuration                  2
   c - Dazzling Spray                 Conjuration/Hexes            3
   d - Fulminant Prism                Conjuration/Hexes            4
   e - Iskenderun's Mystic Blast      Conjuration                  4
   f - Iskenderun's Battlesphere      Conjuration/Charms           5
Comestibles
 c - 2 bread rations
 g - a beef jerky


   Skills:
 * Level 2.6 Armour
 - Level 1.5 Dodging
 - Level 2.4 Stealth
 - Level 2.1 Spellcasting
 - Level 4.0 Conjurations


You had 2 spell levels left.
You knew the following spells:

 Your Spells              Type           Power        Failure   Level  Hunger
a - Magic Dart            Conj           ##..         4%          1    #......
b - Dazzling Spray        Conj/Hex       #.......     30%         3    ###....


Dungeon Overview and Level Annotations

Branches:
Dungeon (3/15)

Altars:


Innate Abilities, Weirdness & Mutations

You have extremely sharp teeth.
Your natural rate of healing is unusually fast.
When hurt, damage is shared between your health and your magic reserves.
Your bite disrupts and absorbs the magic of your enemies.
Potions and wands cannot restore your health.
You are immune to rotting.


Message History

You are too injured to fight recklessly!
You are too injured to fight recklessly!
You are too injured to fight recklessly!
You are too injured to fight recklessly!
Unknown command.
You hit the adder. Your bite misses the adder.
The adder is moderately wounded.
The adder closely misses you.
You barely miss the adder. Your bite misses the adder.
The adder is moderately wounded.
* * * LOW HITPOINT WARNING * * *
You feel sick. The adder bites you but does no damage. The adder bites you.
* * * LOW HITPOINT WARNING * * *
You are more poisoned.
The adder poisons you!
You completely miss the adder.
The adder is moderately wounded.
* * * LOW HITPOINT WARNING * * *
You feel sick. The adder bites you.
You die...

.....# ....#
# #...#
.#.##.).# ##
......... ..
.#..)...# .#
....!(S.#..#
#@...#
####.#


You could see an adder.

Vanquished Creatures
  An ooze (D:1)
  A worm (D:2)
  2 dart slugs (D:1)
  A giant cockroach (D:2)
  4 goblins
  6 hobgoblins
  4 jackals
  6 kobolds
  5 bats
  5 rats
35 creatures vanquished.

Notes
Turn   | Place    | Note
--------------------------------------------------------------
     0 | D:1      | Enish the Vine Stalker Conjurer began the quest for the Orb.
     0 | D:1      | Reached XP level 1. HP: 9/9 MP: 4/4
   217 | D:1      | Reached skill level 1 in Armour
   423 | D:1      | Reached XP level 2. HP: 13/13 MP: 3/6
   912 | D:1      | Reached XP level 3. HP: 16/16 MP: 7/7
  1434 | D:1      | Learned a level 3 spell: Dazzling Spray
  1710 | D:3      | Slain by an adder

Skill      XL: |  1  2 |
---------------+-------+-----
Armour         | 1 2 |  2.6
Dodging        | |  1.5
Stealth        | |  2.4
Spellcasting   | |  2.1
Conjurations   | |  4.0

Action                   || total
-------------------------++-------
Melee: Short sword       ||    43
       Bite              ||     7
 Cast: Magic Dart        ||    64
       Dazzling Spray    ||     3
  Use: Scroll            ||     6
  Eat: Chunk             ||     4
Armor: Robe              ||    23
Dodge: Dodged            ||    72
